 Dungeon Sprint DCSS version 0.22-a0-618-gd6a3efe (webtiles) character file.

10 Kidiri the Sneak (level 2, -8/14 HPs)
             Began as a Spriggan Enchanter on July 14, 2018.
             Mangled by a tyrant leech (22 damage)
             ... in the Dungeon (Sprint II: "The Violet Keep of Menkaure").
             The game lasted 00:01:40 (232 turns).

Kidiri the Sneak (Spriggan Enchanter)                Turns: 232, Time: 00:01:40

Health: -8/14      AC:  2    Str:  4    XL:     2   Next: 10%
Magic:  3/7        EV: 19    Int: 16    God:
Gold:   243        SH:  0    Dex: 16    Spells: 4/7 levels left

rFire    . . .     SeeInvis +   a - +1 dagger
rCold    . . .     Gourm    .   (shield restricted)
rNeg     . . .     Faith    .   b - +0 robe
rPois    .         Spirit   .   (helmet restricted)
rElec    .         Reflect  .   (no cloak)
rCorr    .         Harm     .   (gloves unavailable)
MR       .....     NoTele   +   (boots unavailable)
Stlth    +++.......             (no amulet)
HPRegen  0.04/turn              (no ring)
MPRegen  0.10/turn              (no ring)

@: very slightly contaminated, very quick
A: very small, unfitting armour, see invisible, herbivore, speed 3, slow
metabolism 2
a: no special abilities


You were in the Dungeon.
You were not hungry.

You visited 1 branch You collected 243 gold pieces.

Inventory:

Hand Weapons
 a - a +1 dagger (weapon)
Armour
 b - a +0 robe (worn)
Scrolls
 j - a scroll of blinking
Potions
 e - a potion of curing
 f - a potion of heal wounds
 g - a potion of haste
 h - 2 potions of magic
Comestibles
 d - a ration


   Skills:
 + Level 0.6 Fighting
 * Level 2.1 Short Blades
 + Level 0.6 Armour
 * Level 3.9 Dodging
 * Level 5.2 Stealth
 * Level 3.4 Spellcasting
 + Level 3.9 Hexes
 + Level 0.0 Ice Magic


You had 4 spell levels left.
You knew the following spells:

 Your Spells              Type           Power        Failure   Level  Hunger
a - Corona                Hex            ###....      3%          1    None
b - Ensorcelled Hibernat  Hex/Ice        #.....       12%         2    ##.....

Your spell library contained the following spells:

 Spells                   Type           Power        Failure   Level  Hunger
 Confuse                  Hex            ###.....     11%         3    ###....
 Tukima's Dance           Hex            ###.....     11%         3    ###....
 Dazzling Spray           Conj/Hex       #.....       24%         3    ###....


Dungeon Overview and Level Annotations

Branches:
Dungeon (1/1)

Altars:


Innate Abilities, Weirdness & Mutations

You are very small and have problems with some larger weapons.
You are too small for most types of armour.
You have supernaturally acute eyesight. (SInv)
You are a herbivore.
You cover ground extremely quickly.
You need to consume almost no food.


Message History

Confirm with . or Enter, or press ? or * to list all spells.
Aiming: Ensorcelled Hibernation (safe; 12% risk of failure)
Press: ? - help, Shift-Dir - straight line, f - tyrant leech
Aim: a tyrant leech (chance to defeat MR: 24%)
You miscast Ensorcelled Hibernation.
You are very lightly contaminated with residual magic.
Your skin tingles.
The tyrant leech barely misses you.
Unknown command.
Casting: Ensorcelled Hibernation (safe; 12% risk of failure)
Confirm with . or Enter, or press ? or * to list all spells.
Aiming: Ensorcelled Hibernation (safe; 12% risk of failure)
Press: ? - help, Shift-Dir - straight line, f/p - tyrant leech
Aim: a tyrant leech (chance to defeat MR: 24%)
The tyrant leech looks drowsy...
The helpless tyrant leech fails to defend itself.
You impale the tyrant leech!!
The tyrant leech is heavily wounded.
The tyrant leech bites you!!
Ouch! That really hurt!
You die...

#+##
###..##
#.##..# #
##.#†## #
##. ##+##
.#
#...##.##H#
#w@<.+#
#..w##.##H#
##. #+# .#
# .#. # nn
nn ##. .##
## ##


You could see 2 tyrant leeches.

Vanquished Creatures
  3 worms (D)
3 creatures vanquished.

Notes
Turn   | Place    | Note
-------+----------+-------------------------------------------
     0 | D        | Kidiri the Spriggan Enchanter began the quest for the Orb.
     0 | D        | Reached XP level 1. HP: 9/9 MP: 5/5
     9 | D        | Noticed a tyrant leech
     9 | D        | Noticed a tyrant leech
    13 | D        | Noticed a necrophage
    13 | D        | Noticed a necrophage
    13 | D        | Noticed a necrophage
    13 | D        | Noticed a necrophage
    17 | D        | Noticed a hippogriff
    17 | D        | Noticed a hippogriff
    36 | D        | Reached skill level 5 in Stealth
    40 | D        | Reached XP level 2. HP: 9/14 MP: 7/7
    55 | D        | Learned a level 2 spell: Ensorcelled Hibernation
   232 | D        | Mangled by a tyrant leech

Vault maps used:
D:        the_violet_keep_of_menkaure

Skill      XL: |  1 |
---------------+----+-----
Spellcasting   | 3 |  3.4
Short Blades   | 2 |  2.1
Stealth        | 5 |  5.2
Fighting       | |  0.6
Armour         | |  0.6
Dodging        | |  3.9
Hexes          | |  3.9

Action                   || total
-------------------------++-------
Melee: Dagger            ||    15
 Cast: Corona            ||     1
       Ensorcelled Hiber ||     1
  Use: Potion            ||     1
 Stab: Sleeping          ||     1
Dodge: Dodged            ||     6

Table legend:
 A = Spawn XP
 B = Non-spawn XP
 C = Spawn XP percentage of total XP
 D = Spawn monster count
 E = Non-spawn monster count
 F = Spawn count percentage of total count
 G = Total turns spent on level
                    A         B        C        D         E        F      G
               +---------+---------+-------+---------+---------+-------+---------
         Total |       0 |      15 |   0.0 |       0 |       3 |   0.0 |   232
               +---------+---------+-------+---------+---------+-------+---------
             D |       0 |      15 |   0.0 |       0 |       3 |   0.0 |   232
               +---------+---------+-------+---------+---------+-------+---------
